 Dungeon Crawl Stone Soup version 0.19-b1-4-gd8a0a2a (webtiles) character file.

47 vev the Sneak (level 3, -3/26 HPs)
             Began as a Mummy Enchanter on Oct 30, 2016.
             Slain by a worm (9 damage)
             ... on level 2 of the Dungeon.
             The game lasted 00:02:28 (2124 turns).

vev the Sneak (Mummy Enchanter)                     Turns: 2124, Time: 00:02:29

Health: -3/26      AC:  5    Str: 11    XL:     3   Next: 48%
Magic:  6/6        EV: 12    Int: 14    God:
Gold:   74         SH:  0    Dex: 13    Spells: 1 memorised, 5 levels left

rFire  x . .     SeeInvis +     a - +1 dagger
rCold  + . .     Gourm    .     b - +1 robe
rNeg   + + +     Faith    .     (no shield)
rPois  ∞         Spirit   .     i - +1 helmet
rElec  .         Reflect  .     (no cloak)
rCorr  .         Harm     .     (no gloves)
MR     .....                    (no boots)
Stlth  ++........               (no amulet)
                                g - ring of wizardry
                                f - ring of see invisible

@: no status effects
A: no food or potions, fire vulnerability, cold resistance 1, negative energy
resistance 3, torment resistance, unbreathing
a: no special abilities


You were on level 2 of the Dungeon.
You were not hungry.

You visited 1 branch of the dungeon, and saw 2 of its levels.

You collected 74 gold pieces.

Inventory:

Hand Weapons
 a - a +1 dagger (weapon)
Armour
 b - a +1 robe (worn)
 e - a +0 ring mail
 i - a +1 helmet (worn)
Jewellery
 f - a ring of see invisible (left hand)
 g - a ring of wizardry (right hand)
Scrolls
 d - a scroll of immolation {unknown}
 h - a scroll of teleportation {unknown}
 j - a scroll of magic mapping {unknown}
Books
 c - a book of Maledictions

   Spells                             Type                      Level
   a - Corona                         Hexes                        1
   b - Ensorcelled Hibernation        Hexes/Ice                    2
   c - Confuse                        Hexes                        3
   d - Tukima's Dance                 Hexes                        3
   e - Dazzling Spray                 Conjuration/Hexes            3


   Skills:
 + Level 1.3 Fighting
 - Level 0.7 Short Blades
 + Level 2.3 Dodging
 + Level 3.0 Stealth
 - Level 2.0 Spellcasting
 - Level 2.6 Hexes


You had 5 spell levels left.
You knew the following spells:

 Your Spells              Type           Power        Failure   Level  Hunger
a - Corona                Hex            #......      4%          1    N/A

Dungeon Overview and Level Annotations

Branches:
Dungeon (2/15)

Altars:


Innate Abilities, Weirdness & Mutations

You do not eat or drink.
Your flesh is vulnerable to fire.
You are immune to poison.
Your flesh is cold resistant. (rC+)
You are immune to negative energy. (rN+++)
You are immune to unholy pain and torment.
You can survive without breathing.


Message History

You are too injured to fight recklessly!
You are too injured to fight recklessly!
You hit the worm.
The worm is severely wounded.
You are too injured to fight recklessly!
You barely miss the worm.
The worm is severely wounded.
The worm closely misses you.
You are too injured to fight recklessly!
You hit the worm.
The worm is severely wounded.
The worm barely misses you.
You are too injured to fight recklessly!
You barely miss the worm.
The worm is severely wounded.
You are too injured to fight recklessly!
You hit the worm.
The worm is severely wounded.
The worm bites you!
You die...

##...##
##.....##
##.......##
###...$.....#
..'.........+
#.........#
#...w...#
#..@..#
##>..## ##'##
#.# #.# ##.##
##...##
#..%..#
#####....##


You could see a worm.

Vanquished Creatures
  An adder (D:2)
  A worm (D:2)
  A leopard gecko (D:2)
  6 bats
  3 giant cockroaches
  4 goblins
  4 hobgoblins
  2 ball pythons (D:1)
  4 frilled lizards
  2 kobolds
  7 rats
35 creatures vanquished.

Notes
Turn   | Place    | Note
-------+----------+-------------------------------------------
     0 | D:1      | vev the Mummy Enchanter began the quest for the Orb.
     0 | D:1      | Reached XP level 1. HP: 13/13 MP: 3/3
   497 | D:1      | Reached XP level 2. HP: 20/20 MP: 5/5
   604 | D:1      | Reached skill level 1 in Fighting
   606 | D:1      | HP: 1/21 [hobgoblin/club (3)]
   794 | D:1      | Reached skill level 2 in Dodging
  1221 | D:2      | Reached XP level 3. HP: 26/26 MP: 6/6
  1557 | D:2      | HP: 1/26 [worm (5)]
  1927 | D:2      | Reached skill level 3 in Stealth
  2124 | D:2      | Slain by a worm

Skill      XL: |  1  2  3 |
---------------+----------+-----
Fighting       | 1 |  1.3
Dodging        | 2 |  2.3
Stealth        | 3 |  3.0
Short Blades   | |  0.7
Spellcasting   | |  2.0
Hexes          | |  2.6

Action                   || total
-------------------------++-------
Melee: Dagger            ||   181
 Stab: Sleeping          ||     5
Armor: Robe              ||    54
Dodge: Dodged            ||   121
